 Dungeon Crawl Stone Soup version 0.25-a0-719-gde951dce62 (webtiles) character file.

Game seed: 8482407058668006626, levelgen mode: deterministic

21586 Amnesiac the Gelid (level 12, -4/64 HPs)
             Began as a Deep Elf Air Elementalist on Apr 7, 2020.
             Was a High Priest of Vehumet.
             Slain by an eight-headed hydra (13 damage)
             ... on level 6 of the Lair of Beasts.
             The game lasted 00:28:54 (13714 turns).

Amnesiac the Gelid (Deep Elf Air Elementalist)     Turns: 13714, Time: 00:28:54

Health: -4/64      AC:  7    Str:  5    XL:     12   Next: 55%
Magic:  3/32       EV: 20    Int: 26    God:    Vehumet [*****.]
Gold:   859        SH:  0    Dex: 19    Spells: 23/39 levels left

rFire    + . .     SeeInvis .   w - +7 whip of Annihilation {flame, Dex+4}
rCold    . . .     Gourm    .   (no shield)
rNeg     . . .     Faith    .   f - +2 leather armour {rF+}
rPois    .         Spirit   .   u - +0 helmet
rElec    .         Reflect  .   (no cloak)
rCorr    .         Harm     .   (no gloves)
MR       +....                  p - +0 pair of boots
Stlth    ++........             C - amulet of regeneration
HPRegen  0.60/turn              (no ring)
MPRegen  0.23/turn              K - +3 ring of evasion

@: no status effects
A: no striking features
a: Renounce Religion


You were on level 6 of the Lair of Beasts.
You worshipped Vehumet.
Vehumet was extremely pleased with you.
You were not hungry.

You visited 3 branches of the dungeon, and saw 15 of its levels.

You collected 859 gold pieces.

Inventory:

Hand Weapons
 w - the +7 whip of Annihilation (weapon) {flame, Dex+4}
   (You found it on level 8 of the Dungeon)

   It has been specially enchanted to burn those struck by it, causing extra
   injury to most foes and up to half again as much damage against particularly
   susceptible opponents.
   It affects your dexterity (+4).
Armour
 f - a +2 leather armour of fire resistance (worn)
 p - a +0 pair of boots (worn)
 u - a +0 helmet (worn)
 A - a +0 pair of gloves
 M - a +0 cloak
Magical Staves
 H - an uncursed staff of summoning {unknown}
 L - an uncursed staff of energy {!a}
Jewellery
 l - an uncursed ring of fire
 C - an amulet of regeneration (around neck)
 E - an uncursed ring of ice
 G - an uncursed ring of ice
 I - the ring "Vesyrono" {Wiz rPois Str-5 Dex+6}
   (You found it on level 1 of the Lair of Beasts)

   [ring of wizardry]

   It improves your spell success rate.
   It affects your strength (-5).
   It affects your dexterity (+6).
   It protects you from poison.
 K - a +3 ring of evasion (right hand)
Wands
 a - a wand of scattershot (3)
 k - a wand of flame (46)
 B - a wand of polymorph (12)
 F - a wand of random effects (11)
 Q - a wand of iceblast (9)
Scrolls
 g - 6 scrolls of remove curse {!r}
 m - 5 scrolls of amnesia {!r}
 o - 5 scrolls of magic mapping {!r}
 q - 6 scrolls of teleportation {!r}
 s - 4 scrolls of enchant weapon {!r}
 t - 8 scrolls of enchant armour {!r}
 y - 3 scrolls of fear {!r}
 O - 2 scrolls of identify {!r}
 R - a scroll of holy word {!r}
Potions
 b - 8 potions of curing {!q}
 d - 4 potions of lignification {!q, unknown}
 e - a potion of cancellation {!q, unknown}
 h - 2 potions of stabbing {!q, unknown}
 i - 2 potions of berserk rage {!q, unknown}
 j - 2 potions of might {!q, unknown}
 n - 8 potions of heal wounds {!q}
 r - 2 potions of mutation {!q, unknown}
 v - 2 potions of haste {!q}
 x - 2 potions of ambrosia {!q, unknown}
 z - 2 potions of flight {!q, unknown}
 D - a potion of resistance {!q, unknown}
 N - 2 potions of brilliance {!q, unknown}
 P - a potion of invisibility {!q, unknown}
Miscellaneous
 J - a box of beasts
Comestibles
 c - 28 rations
 S - 8 chunks of flesh


   Skills:
 - Level 3.0 Fighting
 - Level 8.0 Dodging
 - Level 2.4 Stealth
 + Level 14.2 Spellcasting
   Level 1.1 Conjurations
 * Level 16.0 Ice Magic
 - Level 6.0 Air Magic


You had 23 spell levels left.
You knew the following spells:

 Your Spells              Type           Power        Failure   Level  Hunger
a - Airstrike             Air            #####.....   1%          4    None
b - Frozen Ramparts       Ice            ######       0%          3    None
c - Ice Form              Ice/Tmut       ######..     1%          4    None
e - Metabolic Englaciati  Hex/Ice        ######....   5%          5    ##.....

Your spell library contained the following spells:

 Spells                   Type           Power        Failure   Level  Hunger
 Conjure Ball Lightning   Conj/Air       #####.....   41%         6    ####...
 Magic Dart               Conj           ###.         1%          1    None
 Shock                    Conj/Air       ####         1%          1    None
 Ensorcelled Hibernation  Hex/Ice        ######       1%          2    None
 Searing Ray              Conj           ###...       1%          2    None
 Static Discharge         Conj/Air       #####...     1%          3    None
 Swiftness                Chrm/Air       ####....     2%          2    None
 Dazzling Flash           Conj/Hex       ###...       3%          3    None
 Beastly Appendage        Tmut           ###...       4%          1    None
 Corona                   Hex            ###....      4%          1    None
 Sticks to Snakes         Tmut           ###.....     8%          2    None
 Lightning Bolt           Conj/Air       #####.....   9%          5    ##.....
 Fulminant Prism          Conj/Hex       ###.......   11%         4    None
 Iskenderun's Mystic Bla  Conj/Tloc      ###.....     11%         4    None
 Confusing Touch          Hex            ###.....     16%         3    None
 Gell's Gravitas          Tloc           ###.......   16%         3    None
 Spider Form              Tmut/Pois      ###.......   16%         3    None
 Tukima's Dance           Hex            ###.....     16%         3    None
 Yara's Violent Unravell  Hex/Tmut       ###.......   32%         5    ##.....
 Petrify                  Tmut/Erth      ###.....     45%         4    None
 Blade Hands              Tmut           ###.......   80%         5    ##.....


Dungeon Overview and Level Annotations

Branches:
Dungeon (8/15)             Temple (1/1) D:5            Lair (6/6) D:8
 Shoals (0/4) Lair:2       Spider (0/4) Lair:3
  Slime: Lair:5-6

Altars:
Ashenzari
Elyvilon
Nemelex Xobeh
Ru
Sif Muna
Trog
Uskayaw
Vehumet
Wu Jian
Xom
The Shining One


Message History

The yak snorts and paws the ground.
The wall freezes the eight-headed hydra!
The wall freezes the yak!
The wall freezes the crocodile.
The crocodile seems to slow down.
Casting: Frozen Ramparts (safe; 0% risk of failure)
Confirm with . or Enter, or press ? or * to list all spells.
You radiate an aura of cold.
The eight-headed hydra seems to slow down.
The yak seems to slow down.
The crocodile seems to slow down.
The wall freezes the yak.
The wall freezes the eight-headed hydra.
Casting: Metabolic Englaciation (safe; 5% risk of failure)
Confirm with . or Enter, or press ? or * to list all spells.
You radiate an aura of cold.
The eight-headed hydra seems to slow down.
The yak seems to slow down.
The crocodile seems to slow down.
The wall freezes the yak!
The wall freezes the eight-headed hydra.
The eight-headed hydra seems to slow down.
The wall freezes the crocodile.
The crocodile seems to slow down.
Casting: Metabolic Englaciation (safe; 5% risk of failure)
Confirm with . or Enter, or press ? or * to list all spells.
You radiate an aura of cold.
The eight-headed hydra seems to slow down.
The yak seems to slow down.
The crocodile seems to slow down.
The wall freezes the yak!
You kill the yak!
Vehumet accepts your kill.
You feel your power returning.
Casting: Metabolic Englaciation (safe; 5% risk of failure)
Confirm with . or Enter, or press ? or * to list all spells.
You radiate an aura of cold.
The eight-headed hydra seems to slow down.
The crocodile seems to slow down.
The wall freezes the crocodile!
The wall freezes the eight-headed hydra!
The eight-headed hydra bites you. The eight-headed hydra bites you!
The eight-headed hydra bites you. x2
* * * LOW HITPOINT WARNING * * *
The eight-headed hydra barely misses you. x2
The eight-headed hydra bites you!
* * * LOW HITPOINT WARNING * * *
The eight-headed hydra bites you.
* * * LOW HITPOINT WARNING * * *
Casting: Metabolic Englaciation (safe; 5% risk of failure)
Confirm with . or Enter, or press ? or * to list all spells.
You radiate an aura of cold.
The eight-headed hydra seems to slow down.
The crocodile seems to slow down.
Unknown command.
Casting: Metabolic Englaciation (safe; 5% risk of failure)
Confirm with . or Enter, or press ? or * to list all spells.
You radiate an aura of cold.
The eight-headed hydra seems to slow down.
The crocodile seems to slow down.
The frozen ramparts melt away.
The eight-headed hydra bites you but does no damage.
The eight-headed hydra bites you.
* * * LOW HITPOINT WARNING * * *
The eight-headed hydra completely misses you.
The eight-headed hydra bites you.
* * * LOW HITPOINT WARNING * * *
The eight-headed hydra misses you.
The eight-headed hydra barely misses you.
The eight-headed hydra bites you!
You die...

#.. [. ......# ..
.###...#. .. #.. .#...[.
..=# #... #.....###...#
#.#. #............#
.##..#### #......#..##.
.#.##....####......#.#..
.......@D.t†.........P.#
..........#####.........
.........## ##........
.........# #........
...#.....# #......#. ..
####..# +..P..## .
#.#P.#.# #..P..###
#......## ##Y.......
#P......#####.#.......


You could see an eight-headed hydra and a crocodile.

Vanquished Creatures
  A catoblepas (Lair:5)
  5 hydras
  Pikel (D:8)
  A wolf spider (Lair:3)
  2 black mambas
  8 spiny frogs
  4 komodo dragons
  A rime drake (Lair:3)
  A polar bear (Lair:5)
  2 jumping spiders (Lair:3)
  5 blink frogs (Lair:6)
  7 dream sheep (Lair:6)
  7 hippogriffs
  A snapping turtle (Lair:2)
  A redback (Lair:3)
  8 wyverns
  10 yaks
  Grum (D:8)
  2 basilisks
  An acid dragon (D:8)
  8 water moccasins
  4 porcupines
  2 orc warriors
  3 phantoms
  An ice beast (D:6)
  4 slaves (D:8)
  A necrophage (D:7)
  An ogre (D:5)
  An eye of draining (D:3)
  3 wolves (D:8)
  3 centaurs
  7 crocodiles
  7 bullfrogs
  3 scorpions
  3 wights (D:6)
  A crimson imp (D:8)
  A quasit (D:8)
  A hound (D:8)
  6 jellies
  9 orc wizards
  3 orc priests
  2 centaur skeletons
  2 bullfrog skeletons
  2 iguanas
  3 worker ants
  A worker ant zombie (D:7)
  Robin (D:2)
  6 gnolls
  6 adders
  3 shadow imps
  7 oozes
  2 adder skeletons
  6 worms
  4 dart slugs
  4 leopard geckos
  27 orcs
  10 bats
  5 giant cockroaches
  13 goblins
  13 hobgoblins
  25 jackals
  8 kobolds
  7 quokkas
  8 frilled lizards
  10 rats
  A butterfly (Lair:1)
317 creatures vanquished.

Vanquished Creatures (others)
  5 fungi
  4 plants (Lair:6)
9 creatures vanquished.

Grand Total: 326 creatures vanquished

Notes
Turn   | Place    | Note
-------+----------+-------------------------------------------
     0 | D:1      | Amnesiac the Deep Elf Air Elementalist began the quest for
                  | the Orb.
     0 | D:1      | Reached XP level 1. HP: 10/10 MP: 6/6
   108 | D:1      | Reached XP level 2. HP: 12/15 MP: 1/8
   450 | D:2      | Noticed Robin
   481 | D:3      | Found a hide-covered altar of Uskayaw.
   548 | D:3      | Reached XP level 3. HP: 19/19 MP: 6/10
   856 | D:3      | Found a shimmering altar of Xom.
  1205 | D:4      | Noticed an orc warrior
  1311 | D:3      | Reached XP level 4. HP: 20/24 MP: 9/12
  1320 | D:3      | Learned a level 4 spell: Airstrike
  1728 | D:4      | Reached skill level 5 in Air Magic
  1728 | D:4      | Reached XP level 5. HP: 28/28 MP: 8/14
  1848 | D:4      | Killed an orc warrior
  1861 | D:4      | Reached XP level 6. HP: 24/32 MP: 0/17
  2218 | D:5      | Entered Level 5 of the Dungeon
  2300 | D:5      | Found a staircase to the Ecumenical Temple.
  2309 | Bailey   | Identified a paperback manual
  2309 | Temple   | Entered the Ecumenical Temple
  2373 | Temple   | Became a worshipper of Vehumet
  2412 | D:5      | HP: 1/32 [phantom (4)]
  2740 | D:2      | Killed Robin
  2870 | D:1      | Reached * piety under Vehumet
  2870 | D:1      | Offered knowledge of Magic Dart by Vehumet.
  3315 | D:2      | Reached XP level 7. HP: 36/36 MP: 18/20
  3321 | D:2      | Learned a level 4 spell: Ice Form
  3788 | D:3      | Found a bloodstained altar of Trog.
  3848 | D:3      | Reached skill level 2 in Ice Magic
  3866 | D:3      | Offered knowledge of Searing Ray by Vehumet.
  3906 | D:3      | Reached ** piety under Vehumet
  4299 | D:5      | Reached skill level 3 in Ice Magic
  4843 | D:5      | Reached skill level 4 in Ice Magic
  4930 | D:6      | Found an ornate altar of the Wu Jian Council.
  4935 | D:6      | Found a shattered altar of Ashenzari.
  4935 | D:6      | Found a white marble altar of Elyvilon.
  4944 | D:6      | Reached XP level 8. HP: 38/41 MP: 15/22
  4948 | D:6      | Reached skill level 5 in Ice Magic
  5083 | D:6      | Offered knowledge of Inner Flame by Vehumet.
  5115 | D:6      | Found a sparkling altar of Nemelex Xobeh.
  5261 | D:6      | Reached skill level 6 in Ice Magic
  5385 | D:6      | Reached *** piety under Vehumet
  5393 | D:6      | Reached skill level 7 in Ice Magic
  5563 | D:6      | Reached skill level 8 in Ice Magic
  5774 | D:7      | Offered knowledge of Frozen Ramparts by Vehumet.
  5779 | D:7      | Learned a level 3 spell: Frozen Ramparts
  5986 | D:7      | Reached skill level 9 in Ice Magic
  6314 | D:7      | Reached XP level 9. HP: 45/45 MP: 10/23
  6634 | D:8      | Noticed Pikel
  6654 | D:8      | Killed Pikel
  6721 | D:8      | Got a dazzling whip
  6722 | D:8      | Identified the +7 whip of Annihilation {flame, Dex+4} (You
                  | found it on level 8 of the Dungeon)
  6924 | D:8      | Reached **** piety under Vehumet
  6924 | D:8      | Reached skill level 10 in Ice Magic
  7192 | D:8      | Offered knowledge of Hailstorm by Vehumet.
  7192 | D:8      | Reached skill level 5 in Dodging
  7423 | D:8      | Reached skill level 10 in Spellcasting
  7440 | D:8      | Noticed a komodo dragon
  7467 | D:8      | Killed a komodo dragon
  7467 | D:8      | Reached skill level 11 in Ice Magic
  7585 | D:8      | Reached XP level 10. HP: 24/50 MP: 19/26
  7607 | D:8      | Noticed Grum
  7685 | D:8      | Killed Grum
  7744 | D:8      | Found a staircase to the Lair.
  7817 | Lair:1   | Entered Level 1 of the Lair of Beasts
  8022 | Lair:1   | Noticed a spiny frog
  8026 | Lair:1   | Killed a spiny frog
  8027 | Lair:1   | Noticed a spiny frog
  8268 | Lair:1   | Got a steaming bone ring
  8269 | Lair:1   | Lost strength.
  8269 | Lair:1   | Identified the ring "Vesyrono" {Wiz rPois Str-5 Dex+6} (You
                  | found it on level 1 of the Lair of Beasts)
  8633 | Lair:1   | Killed a spiny frog
  8633 | Lair:1   | Reached skill level 12 in Ice Magic
  8705 | Lair:2   | Noticed a four-headed hydra
  8706 | Lair:2   | Noticed a black mamba
  8749 | Lair:1   | Killed a four-headed hydra
  8826 | Lair:2   | Noticed an eight-headed hydra
  8843 | Lair:2   | Killed an eight-headed hydra
  8843 | Lair:2   | Reached XP level 11. HP: 54/54 MP: 7/28
  9096 | Lair:2   | Reached skill level 13 in Ice Magic
  9102 | Lair:2   | Reached skill level 1 in Fighting
  9295 | Lair:2   | Found a staircase to the Shoals.
 10015 | Lair:3   | Noticed an eight-headed hydra
 10028 | Lair:3   | Killed an eight-headed hydra
 10151 | Lair:3   | Noticed a wolf spider
 10152 | Lair:3   | Found a hole to the Spider Nest.
 10243 | Lair:3   | Killed a wolf spider
 10734 | Lair:4   | Reached skill level 14 in Ice Magic
 10798 | Lair:4   | Reached ***** piety under Vehumet
 11977 | Lair:5   | Noticed a catoblepas
 12036 | Lair:5   | Killed a catoblepas
 12111 | Lair:5   | Noticed a five-headed hydra
 12125 | Lair:5   | Killed a five-headed hydra
 12439 | Lair:5   | Reached XP level 12. HP: 64/64 MP: 21/31
 12497 | Lair:4   | Offered knowledge of Conjure Ball Lightning by Vehumet.
 12510 | Lair:4   | Learned a level 5 spell: Metabolic Englaciation
 12934 | Lair:5   | Reached skill level 15 in Ice Magic
 13043 | Lair:6   | Entered Level 6 of the Lair of Beasts
 13519 | Lair:6   | Noticed an eight-headed hydra
 13541 | Lair:6   | Killed an eight-headed hydra
 13677 | Lair:6   | Noticed an eight-headed hydra
 13697 | Lair:6   | Reached skill level 16 in Ice Magic
 13714 | Lair:6   | Slain by an eight-headed hydra

Levels and vault maps discovered:
D:1:      eino_arrival_water_star, layout_basic, minmay_circled_x
D:2:      layout_rooms, first_ration, uniq_robin
D:3:      layout_basic, trog_eyes_of_draining, lemuel_round_altar,
          eat_drink_and_be_merry_uskayaw, minmay_goblin_outpost
D:4:      layout_basic
D:5:      layout_loops_ring, minmay_temple_entry_sparse_star,
          kennysheep_minor_cross, kennysheep_generic_room_5
D:6:      layout_basic, nicolae_overflow_crystal_walls,
          grunt_temple_overflow_open, chequers_serial_rivers_micro_a,
          chequers_serial_rivers_room_a
D:7:      layout_basic
D:8:      layout_basic, erik_lair_dragon, hangedman_little_slice_of_home,
          nrook_mini_backslash, uniq_pikel, uniq_grum
Temple:   regret_index_temple_generic_petals
Lair:1:   layout_chaotic_city, chequers_serial_rivers_small_b,
          lemuel_fruit_fields
Lair:2:   layout_small_grid, minmay_shoals_entry_hut, minivault_26, st_stairs_11
Lair:3:   layout_misc_corridors, spider_nest_entry_funnel_web, fungi_pond_lemuel
Lair:4:   layout_layer_cave, st_stairs_8
Lair:5:   layout_regular_city, beast_lair_carwin_4
Lair:6:   hangedman_lair_in_review, layout_regular_city,
          dpeg_slime_entry_enclosed_altar, ebering_ghost_xom

Skill      XL: |  1  2  3  4  5  6  7  8  9 10 11 12 |
---------------+-------------------------------------+-----
Air Magic      | 4 5 6 |  6.0
Spellcasting   | 4 6 8 10 11 13 14 | 14.2
Ice Magic      | 4 9 11 12 14 16 | 16.0
Dodging        | 5 8 |  8.0
Fighting       | 3 |  3.0
Stealth        | |  2.4
Conjurations   | |  1.1

Action                   |  1- 3 |  4- 6 |  7- 9 | 10-12 || total
-------------------------+-------+-------+-------+-------++-------
Melee: Dagger            |       |       |     5 |       ||     5
       Whip              |       |       |    15 |    34 ||    49
 Cast: Shock             |    78 |   112 |   249 |    20 ||   459
       Airstrike         |       |       |    53 |   178 ||   231
       Frozen Ramparts   |       |       |     1 |    19 ||    20
       Metabolic Englaci |       |       |       |     7 ||     7
  Use: Scroll            |       |       |     7 |     7 ||    14
       Potion            |       |       |       |     4 ||     4
  Eat: Chunk             |     1 |     6 |    15 |    19 ||    41
Armor: Leather armour    |     1 |    11 |    21 |    15 ||    48
       Robe              |     1 |       |       |       ||     1
Dodge: Dodged            |    20 |    38 |    44 |    69 ||   171

Table legend:
 A = Non-vault XP
 B = Vault XP
 C = Vault XP percentage of total XP
 D = Non-vault monster count
 E = Vault monster count
 F = Vault count percentage of total count
                 A         B        C        D         E       F
            +---------+---------+-------+---------+---------+-------
      Total |   22789 |    8049 |  26.1 |     252 |      60 |  19.2
            +---------+---------+-------+---------+---------+-------
        D:1 |      42 |      11 |  20.8 |      21 |       4 |  16.0
        D:2 |      37 |      34 |  47.9 |      19 |      11 |  36.7
        D:3 |      88 |     159 |  64.4 |      35 |       8 |  18.6
        D:4 |     422 |       0 |   0.0 |      17 |       0 |   0.0
        D:5 |     506 |      45 |   8.2 |      18 |       2 |  10.0
        D:6 |     930 |       0 |   0.0 |      29 |       0 |   0.0
        D:7 |     535 |       0 |   0.0 |      24 |       0 |   0.0
        D:8 |    1044 |    2487 |  70.4 |      20 |      19 |  48.7
     Lair:1 |    2360 |     967 |  29.1 |       9 |       1 |  10.0
     Lair:2 |    3595 |     720 |  16.7 |      14 |       2 |  12.5
     Lair:3 |    2340 |    1358 |  36.7 |       7 |       4 |  36.4
     Lair:4 |     659 |     218 |  24.9 |       6 |       1 |  14.3
     Lair:5 |    3301 |    2050 |  38.3 |       8 |       8 |  50.0
     Lair:6 |    6930 |       0 |   0.0 |      25 |       0 |   0.0
            +---------+---------+-------+---------+---------+-------
